 Dungeon Crawl Stone Soup version 0.28-a0-20-gdd470a43dd (webtiles) character file.

Game seed: 9369436414231501626

1948 DocSulfur the Blocker (level 9, -6/64 HPs)
             Began as a Formicid Fighter on July 26, 2021.
             Was a Believer of Okawaru.
             Mangled by Harold (14 damage)
             ... on level 8 of the Dungeon.
             The game lasted 00:22:48 (7267 turns).

DocSulfur the Blocker (Formicid Fighter)            Turns: 7267, Time: 00:22:48

Health: -6/64      AC: 13    Str: 25    XL:     9   Next: 41%
Magic:  11/11      EV: 11    Int:  7    God:    Okawaru [**....]
Gold:   227        SH: 12    Dex: 10    Spells: 8/8 levels left

rFire   . . .      SeeInvis +   u - +4 battleaxe
rCold   . . .      Faith    .   c - +0 kite shield
rNeg    . . .      Spirit   .   h - +0 plate armour
rPois   .          Reflect  .   (helmet unavailable)
rElec   .          Harm     .   (no cloak)
rCorr   .          Rampage  .   (no gloves)
Will    +....                   (no boots)
Stlth   ..........              (no amulet)
HPRegen 0.20/turn               m - +4 ring of evasion
MPRegen 0.12/turn               r - ring of willpower

@: no status effects
A: permanent stasis, dig shafts and tunnels, antennae 3, four strong arms
a: Dig, Shaft Self, Renounce Religion, Heroism


You were on level 8 of the Dungeon.
You worshipped Okawaru.
Okawaru was pleased with you.
You visited 1 branch of the dungeon, and saw 9 of its levels.

You collected 227 gold pieces.

Inventory:

Hand Weapons
 a - a +0 flail
 t - a +0 morningstar
 u - a +4 battleaxe (weapon)
Missiles
 e - 8 poisoned darts (quivered)
 k - 53 bolts
 v - a throwing net
Armour
 c - a +0 kite shield (worn)
 h - a +0 plate armour (worn)
Jewellery
 m - a +4 ring of evasion (left hand)
 r - a ring of willpower (right hand)
 s - a ring of fire
Scrolls
 b - a scroll of fog {unknown}
 g - a scroll of enchant armour
 j - a scroll of teleportation {unknown}
 l - 2 scrolls of vulnerability
 q - a scroll of blinking {unknown}
Potions
 d - a potion of brilliance
 f - a potion of lignification
 i - a potion of haste {unknown}
 o - a potion of resistance {unknown}
 p - a potion of magic {unknown}


   Skills:
 - Level 3.2 Fighting
 + Level 1.8(4.9) Axes
 - Level 7.1(7.3) Maces & Flails
 * Level 6.9 Armour
 - Level 9.0 Shields
 + Level 2.9 Invocations


You had 8 spell levels left.
You didn't know any spells.
Your spell library contained the following spells:

 Spells                   Type           Power      Damage    Failure   Level
 Magic Dart               Conj           0%         1d3       99%         1
 Shock                    Conj/Air       0%         1d3       99%         1
 Call Imp                 Summ           0%         N/A       100%        2
 Mephitic Cloud           Conj/Pois/Air  0%         N/A       100%        3
 Airstrike                Air            0%         N/A       100%        4
 Summon Lightning Spire   Summ/Air       0%         N/A       100%        4
 Lightning Bolt           Conj/Air       0%         1d11      100%        5
 Swiftness                Air            Unusable   N/A       N/A         3

Dungeon Overview and Level Annotations

Branches:
Dungeon (10/15)            Temple (0/1) D:7
   Lair: D:8-11         Orc: D:9-12

Altars:
Ashenzari
Gozag
Okawaru
Sif Muna
Trog
Xom

Annotations:
D:8 Harold


Innate Abilities, Weirdness & Mutations

You cannot be hasted, slowed, berserked, paralysed or teleported.
You can dig through walls and to a lower floor.
You have a pair of large antennae on your head. (SInv)
Your four strong arms can wield two-handed weapons with a shield.


Message History

You feel sick.
You feel sick.
Unknown command.
You feel sick.
The kobold brigand throws a curare-tipped dart.
You block the curare-tipped dart.
You feel sick.
The kobold brigand throws a curare-tipped dart.
The curare-tipped dart hits you.
You are more poisoned.
You have difficulty breathing.
Your stasis prevents you from being slowed.
You feel sick.
The sentinel's mark upon you fades away.
You feel sick.
You feel sick.
You feel sick.
You feel sick.
You feel sick.
There is a stone staircase leading down, spattered with blood here.
Things that are here:
a +0 ring mail; a +0 flail You feel sick.
You are no longer poisoned.
You climb downwards.
Level annotation: Harold Harold throws a throwing net.
The throwing net hits you.
You become entangled in the net!
There is a stone staircase leading up here.
You see here a throwing net.
You struggle against the net.
You struggle against the net.
Harold fires a harpoon shot at you. The harpoon shot hits you!
* * * LOW HITPOINT WARNING * * *
You are yanked forward by the harpoon shot.
Okay, then.
There is a stone staircase leading up here.
Harold hits you with a +2 dire flail of draining!
You die...

...... #.#
#.####.##.#### ..###
#@# #.# #.##.# ..# #.#
#.# #.##.# ..# #.# #.#
#.##.# ..#####.# #.#
#.# #.##.####
........###.##### #.#
#.##.....
................# #.#
#.##.....
..#########.###.####.#
#.##.#### ..#
#....@@....# #.##.####
..#########.##########
#........
............#
####.####
############# #.# #.#
#.# #.#### #.....
######


You could see Harold.

Vanquished Creatures
  An unseen horror (D:7)
  2 steam dragons
  2 black bears
  An ice beast (D:8)
  2 ogres
  2 centaurs
  2 kobold brigands
  2 bullfrogs (D:9)
  3 scorpions
  3 wights
  2 centaur zombies
  2 hounds (D:6)
  An orc wizard (D:7)
  A howler monkey skeleton (D:7)
  2 adders (D:2)
  A white imp (D:6)
  A worm (D:2)
  2 dart slugs
  6 orcs
  9 bats
  7 endoplasms
  5 goblins (D:1)
  5 hobgoblins
  2 jackals (D:1)
  11 kobolds
  2 quokkas (D:1)
  2 frilled lizards (D:1)
  4 rats
85 creatures vanquished.

Vanquished Creatures (others)
  A kobold (D:8)
  40 plants (D:7)
41 creatures vanquished.

Grand Total: 126 creatures vanquished

Notes
Turn   | Place    | Note
-------+----------+-------------------------------------------
     0 | D:1      | DocSulfur the Formicid Fighter began the quest for the Orb.
     0 | D:1      | Reached XP level 1. HP: 18/18 MP: 1/1
    76 | D:1      | Reached skill level 4 in Shields
   121 | D:1      | Reached XP level 2. HP: 23/24 MP: 2/2
   211 | D:1      | You fall into a shaft and drop 1 floor!
   333 | D:1      | Reached XP level 3. HP: 15/29 MP: 3/3
  1275 | D:2      | Reached skill level 5 in Shields
  1534 | D:2      | Reached XP level 4. HP: 21/35 MP: 4/4
  2085 | D:3      | Found a shimmering blue altar of Sif Muna.
  2443 | D:3      | Noticed a scorpion
  2639 | D:3      | Killed a scorpion
  2640 | D:3      | Reached skill level 6 in Shields
  2640 | D:3      | Reached XP level 5. HP: 41/41 MP: 5/5
  2649 | D:3      | Found an opulent altar of Gozag.
  2649 | D:3      | Found an iron altar of Okawaru.
  2760 | D:3      | Found a bloodstained altar of Trog.
  2885 | D:3      | Became a worshipper of Warmaster Okawaru
  2942 | D:4      | Found a shimmering altar of Xom.
  2942 | D:4      | Noticed a black bear
  2953 | D:4      | Killed a black bear
  2954 | D:4      | Reached XP level 6. HP: 47/47 MP: 6/6
  2982 | D:4      | Noticed a steam dragon
  2988 | D:4      | Noticed an ogre
  2992 | D:4      | Killed a steam dragon
  2993 | D:4      | Reached skill level 7 in Shields
  3061 | D:4      | Noticed an ogre
  3063 | D:4      | Noticed a black bear
  3075 | D:4      | You fall into a shaft and drop 2 floors!
  3117 | D:6      | Reached XP level 7. HP: 21/52 MP: 7/7
  3159 | D:6      | You fall into a shaft and drop 2 floors!
  3486 | D:8      | Reached skill level 8 in Shields
  3876 | D:7      | Found a broken altar of Ashenzari.
  3952 | D:8      | HP: 1/46 [sky beast (6)]
  3974 | D:8      | HP: 1/46 [centaur zombie (4)]
  4313 | D:7      | Found a staircase to the Ecumenical Temple.
  4320 | D:7      | You fall into a shaft and drop 2 floors!
  4498 | D:9      | Reached skill level 5 in Maces & Flails
  4540 | D:10     | Entered Level 10 of the Dungeon
  4560 | D:9      | Reached * piety under Okawaru
  4561 | D:9      | Reached skill level 9 in Shields
  4561 | D:9      | Reached XP level 8. HP: 33/56 MP: 8/8
  6404 | D:7      | Reached skill level 5 in Armour
  6607 | D:6      | Reached XP level 9. HP: 59/64 MP: 6/9
  6906 | D:6      | Reached skill level 1 in Invocations
  7166 | D:8      | Noticed Harold
  7219 | D:7      | Noticed an unseen horror
  7227 | D:7      | Killed an unseen horror
  7227 | D:7      | Reached ** piety under Okawaru
  7228 | D:7      | Reached skill level 1 in Axes
  7267 | D:8      | Mangled by Harold

Illustrated notes

Levels and vault maps discovered:
D:1:      dpeg_arrival_short_road, layout_basic, hangedman_glass_garden,
          hangedman_abyss_or_decor_lesser_grid, chequers_serial_rivers_room_a
D:2:      layout_basic
D:3:      layout_basic, nicolae_overflow_hidden_temple,
          mainiacjoe_overflow_six_doors_small, jmf_multi_god_temple,
          kennysheep_another_room
D:4:      layout_rooms, kb_xom_exploding_sheep, kennysheep_flooded_box,
          minmay_misc_feat_more_columns, nrook_loot_triangle,
          kennysheep_generic_room_9
D:6:      layout_loops_cross, grunt_temple_overflow_open
D:7:      layout_cave_pools, mainiacjoe_overflow_catwalk_spiral,
          minmay_temple_entry_proselytizer, serial_bayou, serial_bayou_lagoon_a,
          serial_bayou_pond_d, serial_bayou_lagoon_b, serial_bayou_ford_a,
          grunt_decor_fettered
D:8:      layout_basic, uniq_harold
D:9:      layout_loops_cross, zin_treasury, mainiacjoe_overflow_tiny_flanked,
          hiddenorc1_lemuel
D:10:     layout_roguey, serial_shops, nicolae_shop_stone,
          lightli_fourway_metalbox

Skill      XL: |  1  2  3  4  5  6  7  8  9 |
---------------+----------------------------+-----
Shields        | 4 5 6 7 9 |  9.0
Maces & Flails | 3 4 5 7 |  7.1
Armour         | 5 6 |  6.9
Invocations    | 2 |  2.9
Axes           | 1 |  1.8
Fighting       | |  3.2

Action                   |  1- 3 |  4- 6 |  7- 9 || total
-------------------------+-------+-------+-------++-------
Melee: Flail             |   128 |    50 |   148 ||   326
       Morningstar       |       |       |    35 ||    35
       Battleaxe         |       |       |    15 ||    15
Throw: Dart              |       |       |     3 ||     3
Invok: Heroism           |       |       |     3 ||     3
 Abil: Dig               |     3 |     1 |       ||     4
       Shaft Self        |     1 |     1 |     2 ||     4
Evoke: Wand              |       |     8 |     2 ||    10
  Use: Scroll            |       |       |     9 ||     9
       Potion            |       |       |     2 ||     2
 Stab: Paralysed         |       |    23 |     7 ||    30
Armor: Scale mail        |    64 |     6 |    26 ||    96
       Skin              |       |       |     6 ||     6
       Plate armour      |       |       |    42 ||    42
Dodge: Dodged            |    50 |    15 |    99 ||   164
Block: Kite shield       |    87 |    31 |   133 ||   251

Table legend: (Time is in decaauts)
 A = Elapsed time spent in this place.
 B = Non-inter-level travel time spent in this place.
 C = Inter-level travel time spent in this place.
 D = Time resting spent in this place.
 E = Time spent auto-exploring this place.
 F = Levels seen in this place.
 G = Mean time per level.
                   A        B        C        D        E       F      G
               +--------+--------+--------+--------+--------+-----+--------+
         Total |   7382 |   7117 |    265 |   1937 |   2484 |   9 |  820.2 |
       Dungeon |   7382 |   7117 |    265 |   1937 |   2484 |   9 |  820.2 |
               +--------+--------+--------+--------+--------+-----+--------+

Top non-repeatable levels by time:
     D:8: 1871 daAuts
     D:1: 1232 daAuts
     D:7: 1084 daAuts
     D:3: 948 daAuts
     D:9: 918 daAuts
     D:2: 880 daAuts
     D:6: 357 daAuts
     D:4: 87 daAuts
    D:10: 1 daAuts
